 Dungeon Crawl Stone Soup version 0.22-a0-542-gce4f928 (webtiles) character file.

46 Anon1729 the Skirmisher (level 3, 0/33 HPs)
             Began as a Hill Orc Fighter on June 24, 2018.
             Slain by a gnoll
             ... wielding a +0 spear
              (6 damage)
             ... on level 2 of the Dungeon.
             The game lasted 00:01:21 (933 turns).

Anon1729 the Skirmisher (Hill Orc Fighter)           Turns: 933, Time: 00:01:22

Health: 0/33       AC:  8    Str: 19    XL:     3   Next: 66%
Magic:  3/3        EV:  7    Int:  8    God:
Gold:   150        SH:  9    Dex: 10    Spells: 2/2 levels left

rFire    . . .     SeeInvis .   a - +0 flail
rCold    . . .     Gourm    .   c - +0 shield
rNeg     . . .     Faith    .   b - +0 scale mail
rPois    .         Spirit   .   n - +0 helmet
rElec    .         Reflect  .   (no cloak)
rCorr    .         Harm     .   (no gloves)
MR       .....                  (no boots)
Stlth    ..........             (no amulet)
HPRegen  0.11/turn              (no ring)
MPRegen  0.08/turn              (no ring)

@: no status effects
A: no striking features
a: no special abilities


You were on level 2 of the Dungeon.
You were not hungry.

You visited 1 branch of the dungeon, and saw 2 of its levels.

You collected 150 gold pieces.

Inventory:

Hand Weapons
 a - a +0 flail (weapon)
Armour
 b - a +0 scale mail (worn)
 c - a +0 shield (worn)
 n - a +0 helmet (worn)
Scrolls
 e - 2 scrolls of remove curse {unknown}
 h - 3 scrolls of fog {unknown}
 j - a scroll of blinking {unknown}
 k - a scroll of enchant weapon {unknown}
 m - a scroll of identify {unknown}
 o - 2 scrolls of enchant armour {unknown}
 q - a scroll of teleportation {unknown}
Potions
 d - 2 potions of might
 g - a potion of mutation {unknown}
 i - a potion of curing {unknown}
 l - a potion of resistance {unknown}
 p - a potion of magic {unknown}
Comestibles
 f - 3 rations


   Skills:
 + Level 4.2 Fighting
 + Level 2.8 Maces & Flails
 + Level 3.7 Armour
 + Level 3.8 Shields


You had 2 spell levels left.
You didn't know any spells.
Your spell library was empty.

Dungeon Overview and Level Annotations

Branches:
Dungeon (2/15)

Altars:


Message History

You are too injured to fight recklessly!
You are too injured to fight recklessly!
You are too injured to fight recklessly!
You are too injured to fight recklessly!
You are too injured to fight recklessly!
You are too injured to fight recklessly!
You are too injured to fight recklessly!
You are too injured to fight recklessly!
You are too injured to fight recklessly!
Your shield prevents you from hitting the worm.
The worm is almost dead.
The gnoll hits you from afar with a spear.
* * * LOW HITPOINT WARNING * * *
The worm barely misses you.
You thump the worm!
You kill the worm!
A quokka comes into view.
The gnoll hits you but does no damage.
The gnoll hits you from afar with a spear.
You die...

.).. ... .#
)... . ... .>#
.... #. #.#
#.# ....
##.####.###.#
....
............#
####
............#
............#
............#
# #.####'###@#
# #.# #.# #†#
#######.####.#
#g#
...#.........#
#g#
.#.#.........#
#g#
.#.#.........#
#.#
...#.........#
#r#
#..#.........#
#.#
#..#.........#


You could see 2 gnolls, a quokka (wandering) and a goblin.

Vanquished Creatures
  A gnoll (D:2)
  2 worms (D:2)
  A dart slug (D:1)
  6 bats
  3 giant cockroaches
  4 goblins
  2 hobgoblins (D:1)
  3 frilled lizards
  5 kobolds
  A rat (D:1)
28 creatures vanquished.

Notes
Turn   | Place    | Note
-------+----------+-------------------------------------------
     0 | D:1      | Anon1729 the Hill Orc Fighter began the quest for the Orb.
     0 | D:1      | Reached XP level 1. HP: 19/19 MP: 1/1
   107 | D:1      | Reached XP level 2. HP: 23/27 MP: 2/2
   136 | D:1      | Reached skill level 4 in Fighting
   572 | D:2      | Reached XP level 3. HP: 31/33 MP: 3/3
   933 | D:2      | Slain by a gnoll

Vault maps used:
D:1:      doesnt_arrival_eight_statues, minmay_misc_feat_secret_circle

Skill      XL: |  1  2 |
---------------+-------+-----
Fighting       | 4 |  4.2
Maces & Flails | |  2.8
Armour         | |  3.7
Shields        | |  3.8

Action                   || total
-------------------------++-------
Melee: Flail             ||   133
Armor: Scale mail        ||    67
Dodge: Dodged            ||    38
Block: Shield            ||    81

Table legend:
 A = Spawn XP
 B = Non-spawn XP
 C = Spawn XP percentage of total XP
 D = Spawn monster count
 E = Non-spawn monster count
 F = Spawn count percentage of total count
 G = Total turns spent on level
                    A         B        C        D         E        F      G
               +---------+---------+-------+---------+---------+-------+---------
         Total |       0 |      66 |   0.0 |       0 |      28 |   0.0 |   933
               +---------+---------+-------+---------+---------+-------+---------
           D:1 |       0 |      30 |   0.0 |       0 |      17 |   0.0 |   556
           D:2 |       0 |      36 |   0.0 |       0 |      11 |   0.0 |   377
               +---------+---------+-------+---------+---------+-------+---------
